 Dungeon Sprint DCSS version 0.22.1-2-g9c5b331383 (webtiles) character file.

574364 Groucho the Halfling Catapult (level 23, 197/197 HPs)
             Began as a Halfling Air Elementalist on Jan 4, 2019.
             Was the Champion of Qazlal.
             Escaped with the Orb!
             The game lasted 00:39:53 (10004 turns).

Groucho the Halfling Catapult (HaAE)               Turns: 10004, Time: 00:39:53

Health: 197/197    AC: 54    Str: 24    XL:     23   Next: 17%
Magic:  54/54      EV: 25    Int: 13    God:    Qazlal [******]
Gold:   0          SH: 54    Dex: 18    Spells: 61/76 levels left

rFire    + . .     SeeInvis +   F - +9 fustibalus (flame)
rCold    + + +     Gourm    .   D - +18 shield of the Gong {rElec rN+ MR+ EV-5}
rNeg     + + .     Faith    .   H - +12 gold dragon scales
rPois    +         Spirit   .   u - +3 hat of Meygois {*Drain rPois rC++ rN+}
rElec    +         Reflect  +   R - +2 cloak {MR+}
rCorr    .         Harm     .   S - +2 pair of gloves {Str+3}
MR       +++..     NoTele   +   M - +2 pair of boots {run}
Stlth    ..........             L - brooch of Shielding {Reflect SH+8}
HPRegen  0.42/turn              w - ring "Xuufu" {EV+5 Str+5}
MPRegen  0.34/turn              K - ring "Uden" {rPois SInv}

@: studying 5 skills, repel missiles, quick
A: small, mutation resistance 1
0: Orb of Zot
a: Upheaval, Elemental Force, Disaster Area, Renounce Religion


You escaped.
You worshipped Qazlal.
Qazlal was exalted by your worship.
You were not hungry.

You visited 1 branch

Inventory:

Hand Weapons
 c - a +9 demon whip of electrocution
 E - the +6 shillelagh "Devastator" {shatter}
   (You found it in the Dungeon)
 F - a +9 fustibalus of flaming (weapon)
 U - the +2 Maxwell's thermic engine {flame, freeze}
   (You took it off an orc knight in the Dungeon)

   It has been specially enchanted to burn those struck by it, causing extra
   injury to most foes and up to half again as much damage against particularly
   susceptible opponents.
   Big, fiery blades are also staple armaments of hydra-hunters.
Missiles
 G - 944 sling bullets (quivered)
Armour
 u - the +3 hat of Meygois (worn) {*Drain rPois rC++ rN+}
   (You acquired it in the Dungeon)

   It greatly protects you from cold.
   It protects you from poison.
   It protects you from negative energy.
   It causes draining when unequipped.
 C - the +15 Maxwell's patent armour {-Cast -Tele rElec MR+ rCorr}
   (You found it in the Dungeon)

   It insulates you from electricity.
   It affects your resistance to hostile enchantments.
   It prevents spellcasting.
   It prevents most forms of teleportation.
   It provides partial protection from all sources of acid and corrosion.
 D - the +18 shield of the Gong (worn) {rElec rN+ MR+ EV-5}
   (You found it in the Dungeon)

   It affects your evasion (-5).
   It insulates you from electricity.
   It protects you from negative energy.
   It affects your resistance to hostile enchantments.
 H - +12 gold dragon scales (worn)
 M - a +2 pair of boots of running (worn)
 R - a +2 cloak of magic resistance (worn)
 S - a +2 pair of gloves of strength (worn)
 X - a +2 helmet of see invisible
Jewellery
 t - the ring of Rehuzame {rPois rC+ rN++ Int-2 Slay+3}
   (You found it in the Dungeon)

   [ring of protection from cold]

   It affects your intelligence (-2).
   It affects your accuracy and damage with ranged weapons and melee attacks
   (+3).
   It protects you from cold.
   It protects you from poison.
   It greatly protects you from negative energy.
 v - the amulet "Evil" {Faith rC++}
   (You took it off a merfolk javelineer in the Dungeon)

   [amulet of faith]

   It allows you to gain divine favour quickly.
   It greatly protects you from cold.
 w - the ring "Xuufu" (left hand) {EV+5 Str+5}
   (You took it off a yaktaur in the Dungeon)

   [ring of evasion]

   It affects your evasion (+5).
   It affects your strength (+5).
 x - the ring of Ympigucy {rElec rN+ Dex+4}
   (You took it off a white draconian in the Dungeon)

   [ring of positive energy]

   It affects your dexterity (+4).
   It insulates you from electricity.
   It protects you from negative energy.
 y - an uncursed ring of magical power
 I - a +2 ring of dexterity
 K - the ring "Uden" (right hand) {rPois SInv}
   (You found it in the Dungeon)

   [ring of see invisible]

   It protects you from poison.
   It lets you see invisible.
 L - the brooch of Shielding (around neck) {Reflect SH+8}
   (You found it in the Dungeon)

   [amulet of reflection]

   It shields you and reflects attacks.
   It affects your SH (+8).
 P - a +2 ring of dexterity
 W - the ring "Iskuh" {rF+ SInv Stlth+}
   (You found it in the Dungeon)

   [ring of protection from fire]

   It protects you from fire.
   It lets you see invisible.
   It makes you more stealthy.
Wands
 z - a wand of disintegration (6)
 A - a wand of iceblast (7)
 B - a wand of acid (7)
Scrolls
 i - 3 scrolls of blinking
 n - 4 scrolls of amnesia
 o - 8 scrolls of fog
 p - 2 scrolls of holy word
 q - 5 scrolls of identify
 r - 4 scrolls of remove curse
 s - 2 scrolls of fear
 J - 9 scrolls of brand weapon
 O - a scroll of enchant armour
Potions
 a - 2 potions of brilliance
 b - 2 potions of invisibility
 d - 10 potions of curing
 e - 5 potions of heal wounds
 f - 6 potions of haste
 g - 7 potions of magic
 h - 3 potions of berserk rage
 j - 4 potions of resistance
 l - 5 potions of agility
 m - 7 potions of might
Books
 N - a manual of Poison Magic
 Q - a manual of Bows
 T - a manual of Axes
 Y - a manual of Stealth
 Z - a manual of Crossbows


   Skills:
 O Level 27 Fighting
 O Level 27 Slings
 O Level 27 Armour
 O Level 27 Dodging
 - Level 2.1 Stealth
 O Level 27 Shields
 O Level 27 Spellcasting
 - Level 0.7 Conjurations
 + Level 14.7 Air Magic
 O Level 27 Invocations


You had 61 spell levels left.
You knew the following spells:

 Your Spells              Type           Power        Failure   Level  Hunger
a - Shock                 Conj/Air       ####         1%          1    None
b - Airstrike             Air            ######....   1%          4    None
c - Swiftness             Chrm/Air       #####...     1%          2    None
d - Static Discharge      Conj/Air       #####...     1%          3    None
e - Lightning Bolt        Conj/Air       #####.....   17%         5    ##.....

Your spell library contained the following spells:

 Spells                   Type           Power        Failure   Level  Hunger


Dungeon Overview and Level Annotations

Branches:
Dungeon (1/1)

Altars:
Ashenzari
Cheibriados
Dithmenos
Elyvilon
Fedhas
Gozag
Hepliaklqana
Kikubaaqudgha
Makhleb
Nemelex Xobeh
Okawaru
Qazlal
Ru
Sif Muna
Trog
Uskayaw
Vehumet
Wu Jian
Xom
Yredelemnul
Zin
The Shining One
Beogh
Jiyva
Lugonu


Innate Abilities, Weirdness & Mutations

You are small and have problems with some larger weapons.
You are somewhat resistant to further mutation.


Message History

You start waiting.
You start waiting.
An ufetubus comes into view.
An ufetubus is nearby!
Firing (i - inventory)
G - 944 sling bullets (quivered)
Press: ? - help, Shift-Dir - straight line, f - ufetubus
Aim: an ufetubus You shoot a sling bullet.
The sling bullet hits the ufetubus!
The sling bullet burns the ufetubus.
You kill the ufetubus!
Qazlal accepts your kill.
No target in view!
No target in view!
You see here a trident of venom.
Things that are here:
a scale mail; a demon trident
G - 944 sling bullets (gained 1)
There is a staircase leading out of the dungeon here.
Okay, then.
You have escaped!

).)..).)..).▓..▓.......▓..▓...8©8
).)...).....▓.▓▓▓.....▓▓▓.▓..|::=
..)..†......▓..▓.......▓..▓..=[}.
.......)....▓.............▓......
............▓......©......▓......
............▓▓▓▓▓▓▓▓▓▓▓▓▓▓▓......
▓.......▓...▓8888888888888▓......
.▓.....▓.▓..▓8.§..§§§....8▓..▓...
▓.......▓...▓8§§@§....©..8▓.▓....
............▓8..)[.......8▓....©.
....©.......▓8888888888888▓▓▓▓▓▓▓
▓▓▓▓▓▓▓▓▓▓▓▓▓▓▓▓▓▓▓▓▓▓▓▓▓▓▓▓▓▓▓▓▓
.....8©8=.......▓........8©8.....
|=||[)|:.)[)|)).▓.||}[..|[[|).|[.
[||)[[[[)[::|.).▓.).:|..):.)}.[.)
)).[[):))))=.|".▓.:})[.|....)=[.|
................▓.......[.)}:....


There were no monsters in sight!

Vanquished Creatures
  A juggernaut (shapeshifter) (D)
  A shard shrike (shapeshifter) (D)
  3 pandemonium lords (D)
  A golden dragon (shapeshifter) (D)
  13 pearl dragons (D)
  3 Orb Guardians (D)
  A deep elf blademaster (D)
  5 deep elf master archers (D)
  2 titans (shapeshifter) (D)
  A quicksilver dragon (shapeshifter) (D)
  2 acid blobs (D)
  An acid blob (shapeshifter) (D)
  A sphinx (shapeshifter) (D)
  A tentacled starspawn (D)
  A shadow dragon (D)
  2 azure jellies (D)
  11 daevas (D)
  A fire giant (D)
  3 draconian monks (D)
  6 draconian knights (D)
  A frost giant (shapeshifter) (D)
  2 draconian shifters (D)
  2 deep elf sorcerers (D)
  7 draconian scorchers (D)
  2 balrugs (D)
  An orc warlord (D)
  6 angels (D)
  3 draconian annihilators (D)
  5 draconian stormcallers (D)
  3 stone giants (D)
  An entropy weaver (D)
  10 apis (D)
  21 green draconians (D)
  14 white draconians (D)
  17 purple draconians (D)
  6 ophanim (D)
  21 black draconians (D)
  A lorocyproca (D)
  A spark wasp (shapeshifter) (D)
  16 yellow draconians (D)
  A minotaur (shapeshifter) (D)
  2 dire elephants (D)
  17 red draconians (D)
  4 merfolk javelineers (D)
  5 death oozes (D)
  6 yaktaur captains (D)
  2 deep elf high priests (D)
  A fire dragon (shapeshifter) (D)
  2 fire dragons (D)
  6 vault guards (D)
  7 hydras (D)
  A great orb of eyes (D)
  2 centaur warriors (D)
  A two-headed ogre (shapeshifter) (D)
  2 catoblepae (D)
  2 two-headed ogres (D)
  2 dancing weapons (D)
  2 orc high priests (D)
  A shock serpent (shapeshifter) (D)
  5 hell hogs (D)
  A soul eater (D)
  3 sun demons (D)
  2 deep elf knights (D)
  A death drake (shapeshifter) (D)
  A hell knight (D)
  10 cherubim (D)
  A glowing orange brain (D)
  An unseen horror (shapeshifter) (D)
  A flayed ghost (D)
  3 lindwurms (shapeshifter) (D)
  A gelid demonspawn (D)
  A shadow demon (D)
  2 deep elf archers (D)
  A harpy (shapeshifter) (D)
  3 deep elf magi (D)
  A glowing shapeshifter (D)
  2 wolf spiders (shapeshifter) (D)
  5 orc knights (D)
  A wolf spider (D)
  2 manticores (shapeshifter) (D)
  2 shining eyes (shapeshifter) (D)
  2 cyclopes (shapeshifter) (D)
  2 elephants (D)
  2 ugly things (D)
  A draconian (D)
  A salamander (shapeshifter) (D)
  2 moths of wrath (shapeshifter) (D)
  3 cyclopes (D)
  2 fauns (shapeshifter) (D)
  A vault sentinel (D)
  4 rust devils (D)
  An eye of devastation (shapeshifter) (D)
  5 black mambas (D)
  2 eyes of devastation (D)
  3 orange demons (D)
  9 spiny frogs (D)
  An efreet (D)
  3 rime drakes (D)
  A yaktaur (shapeshifter) (D)
  5 komodo dragons (D)
  A demonic crawler (D)
  6 yaktaurs (D)
  2 tormentors (D)
  2 ice devils (D)
  A troll (D)
  6 red devils (D)
  3 hellwings (D)
  2 polar bears (D)
  A jumping spider (shapeshifter) (D)
  A meliai (shapeshifter) (D)
  A merfolk (shapeshifter) (D)
  5 hornets (D)
  A tyrant leech (shapeshifter) (D)
  2 blink frogs (D)
  10 slime creatures (D)
  A hippogriff (shapeshifter) (D)
  A snapping turtle (shapeshifter) (D)
  2 dream sheep (D)
  6 hippogriffs (D)
  A redback (shapeshifter) (D)
  2 redbacks (D)
  A flying skull (D)
  A spriggan (D)
  A ynoxinul (D)
  A tarantella (D)
  4 yaks (D)
  A shadow (D)
  A spriggan (shapeshifter) (D)
  2 basilisks (D)
  A hog (shapeshifter) (D)
  A human (shapeshifter) (D)
  2 fire elementals (D)
  A chaos spawn (D)
  3 wargs (D)
  A soldier ant (shapeshifter) (D)
  3 floating eyes (D)
  2 hell hounds (D)
  21 water moccasins (D)
  2 porcupines (D)
  A floating eye (shapeshifter) (D)
  13 orc warriors (D)
  An eye of draining (shapeshifter) (D)
  4 black bears (D)
  A tengu (shapeshifter) (D)
  6 ogres (D)
  2 necrophages (D)
  2 wolves (D)
  8 crocodiles (D)
  A bullfrog (D)
  A bullfrog (shapeshifter) (D)
  An earth elemental (D)
  2 small abominations (D)
  2 wights (D)
  5 crimson imps (D)
  A quasit (D)
  7 jellies (D)
  3 orc priests (D)
  3 iron imps (D)
  4 orc wizards (D)
  A river rat (D)
  3 shadow imps (D)
  2 white imps (D)
  An ufetubus (D)
  3 oozes (D)
  An adder skeleton (D)
  An orc (D)
  A bat zombie (D)
  A jackal (D)
  A leopard gecko zombie (D)
  A quokka zombie (D)
  4 fire vortices (D)
560 creatures vanquished.

Vanquished Creatures (others)
  A fire giant (D)
  A stone giant (D)
  2 draconians (D)
  A yaktaur (D)
5 creatures vanquished.

Grand Total: 565 creatures vanquished

Notes
Turn   | Place    | Note
-------+----------+-------------------------------------------
     0 | D        | Found the +6 Majin-Bo {vamp, Archmagi MP+6 Int+6}
     0 | D        | Found the +7 great mace "Firestarter" {inner flame, rF++}
     0 | D        | Groucho the Halfling Air Elementalist began the quest for
                  | the Orb.
     0 | D        | Reached XP level 1. HP: 11/11 MP: 3/3
     0 | D        | Found a deep blue altar of Sif Muna.
     0 | D        | Found a bloodstained altar of Trog.
     0 | D        | Found a sacrificial altar of Ru.
     0 | D        | Found a stormy altar of Qazlal.
     0 | D        | Found an iron altar of Okawaru.
     7 | D        | Found a sparkling altar of Nemelex Xobeh.
     7 | D        | Found a blossoming altar of Fedhas.
     9 | D        | Found a transporter.
     9 | D        | Found an ancient bone altar of Kikubaaqudgha.
     9 | D        | Found a viscous altar of Jiyva.
     9 | D        | Found a corrupted altar of Lugonu.
     9 | D        | Found a hazy altar of Hepliaklqana.
     9 | D        | Found a burning altar of Makhleb.
     9 | D        | Found an opulent altar of Gozag.
    30 | D        | Found the +9 heavy crossbow "Sniper" {velocity, Acc+∞ SInv}
    30 | D        | Found the +10 dark maul {crush}
    30 | D        | Found the +15 Maxwell's patent armour {-Cast -Tele rElec
                  | MR+ rCorr}
    30 | D        | Found the +18 shield of the Gong {rElec rN+ MR+ EV-5}
    30 | D        | Found the cursed +14 obsidian axe {chop, +Fly SInv *Curse}
    32 | D        | Found the +6 shillelagh "Devastator" {shatter}
    32 | D        | Found the +11 plutonium sword {*Contam Stlth-}
    32 | D        | Found the +8 lance "Wyrmbane" {slay drac, rPois rF+ rC+
                  | AC+3}
    32 | D        | Found the +9 sword of Zonguldrok {reap}
    32 | D        | Found the cursed +13 scythe of Curses {drain, *Curse}
    32 | D        | Found the +0 sword of Power
    32 | D        | Found the +7 mace of Variability {chain chaos}
    32 | D        | Found the +7 Singing Sword
    32 | D        | Found the +7 longbow "Piercer" {penet, EV-2}
    62 | D        | Became a worshipper of Qazlal Stormbringer
   105 | D        | Entered arena 2.
   105 | D        | Noticed a jelly
   105 | D        | Noticed a jelly
   105 | D        | Found a transporter.
   108 | D        | Killed a jelly
   108 | D        | Reached XP level 2. HP: 15/17 MP: 4/4
   108 | D        | Reached XP level 3. HP: 19/21 MP: 5/5
   110 | D        | Reached XP level 4. HP: 24/27 MP: 5/7
   138 | D        | Entered arena 3.
   138 | D        | Noticed a floating eye
   138 | D        | Found a transporter.
   142 | D        | Reached * piety under Qazlal
   142 | D        | Reached skill level 5 in Slings
   142 | D        | Reached skill level 5 in Invocations
   143 | D        | Killed a floating eye
   143 | D        | Reached skill level 5 in Armour
   143 | D        | Reached skill level 5 in Shields
   143 | D        | Reached XP level 5. HP: 31/31 MP: 7/10
   143 | D        | Reached XP level 6. HP: 36/36 MP: 7/11
   339 | D        | Entered arena 4.
   339 | D        | Noticed a hornet
   339 | D        | Noticed a red ugly thing
   339 | D        | Noticed a vault sentinel
   339 | D        | Noticed a green ugly thing
   339 | D        | Found a transporter.
   346 | D        | Killed a red ugly thing
   346 | D        | Reached ** piety under Qazlal
   346 | D        | Reached skill level 10 in Invocations
   346 | D        | Reached XP level 7. HP: 41/41 MP: 12/14
   350 | D        | Killed a vault sentinel
   350 | D        | Reached skill level 10 in Slings
   350 | D        | Reached XP level 8. HP: 46/46 MP: 12/16
   356 | D        | Killed a red ugly thing
   362 | D        | Killed a hornet
   362 | D        | Reached XP level 9. HP: 50/51 MP: 15/18
   428 | D        | Entered arena 5.
   428 | D        | Found a transporter.
   429 | D        | Found the brooch of Shielding {Reflect SH+8}
   429 | D        | Reached *** piety under Qazlal
   651 | D        | Entered arena 6.
   651 | D        | Found a transporter.
   652 | D        | Reached **** piety under Qazlal
   661 | D        | Got the ring "Uden" {rPois SInv}
   663 | D        | Entered arena 7.
   663 | D        | Noticed a yellow draconian
   663 | D        | Noticed a draconian
   663 | D        | Noticed a draconian
   663 | D        | Noticed a white draconian
   663 | D        | Noticed a green draconian
   663 | D        | Noticed a draconian
   668 | D        | Killed a draconian
   669 | D        | Killed a green draconian
   669 | D        | Reached skill level 10 in Armour
   669 | D        | Reached skill level 10 in Shields
   669 | D        | Reached XP level 10. HP: 49/63 MP: 4/20
   676 | D        | Killed a white draconian
   676 | D        | Reached skill level 15 in Invocations
   680 | D        | Killed a draconian
   680 | D        | Reached skill level 5 in Fighting
   684 | D        | Killed a yellow draconian
   686 | D        | Killed a draconian
   687 | D        | Found a transporter.
   902 | D        | Entered arena 8.
   903 | D        | Reached XP level 11. HP: 72/72 MP: 22/22
   903 | D        | Reached ***** piety under Qazlal
   906 | D        | Found a transporter.
  1069 | D        | Entered arena 9.
  1074 | D        | Reached skill level 15 in Slings
  1076 | D        | Found a transporter.
  1243 | D        | Entered arena 10.
  1243 | D        | Noticed a tentacled starspawn
  1244 | D        | Reached ****** piety under Qazlal
  1244 | D        | Killed a tentacled starspawn
  1417 | D        | Found a transporter.
  1431 | D        | Identified a +1 pair of boots of running (You found it in
                  | the Dungeon)
  1432 | D        | Entered arena 11.
  1434 | D        | Found a transporter.
  1443 | D        | Got the ring "Cuiczack" {Wiz *Contam +Inv Int+2 Dex+4}
  1449 | D        | Entered arena 12.
  1449 | D        | Noticed an entropy weaver
  1449 | D        | Noticed a wolf spider
  1451 | D        | Found the +7 great mace "Undeadhunter" {disrupt, rN+}
  1451 | D        | Killed an entropy weaver
  1451 | D        | Reached XP level 12. HP: 84/84 MP: 19/24
  1599 | D        | Found a transporter.
  1607 | D        | Got the ring "Bipy" {rF- EV+2 Dex+5}
  1615 | D        | Got the ring of the Ageless Tables {Ice *Corrode Dex+2
                  | Stlth+}
  1684 | D        | Entered arena 13.
  1684 | D        | Noticed an azure jelly
  1684 | D        | Noticed a glowing orange brain
  1684 | D        | Noticed a death ooze
  1685 | D        | Noticed an acid blob
  1685 | D        | Noticed a death ooze
  1686 | D        | Found a transporter.
  1687 | D        | Killed a death ooze
  1687 | D        | Killed a glowing orange brain
  1687 | D        | Killed an azure jelly
  1687 | D        | Reached skill level 15 in Armour
  1687 | D        | Killed an acid blob
  1687 | D        | Reached skill level 10 in Fighting
  1690 | D        | Killed a death ooze
  1845 | D        | Entered arena 14.
  1845 | D        | Noticed a stone giant
  1845 | D        | Noticed a vault guard
  1845 | D        | Noticed a shadow dragon
  1845 | D        | Noticed a vault guard
  1846 | D        | Noticed a vault guard
  1846 | D        | Noticed a vault guard
  1846 | D        | Noticed a stone giant
  1847 | D        | Noticed a yaktaur captain
  1847 | D        | Noticed a vault guard
  1847 | D        | Noticed a vault guard
  1848 | D        | Killed a vault guard
  1848 | D        | Reached XP level 13. HP: 93/93 MP: 26/26
  1848 | D        | Killed a vault guard
  1848 | D        | Reached skill level 15 in Shields
  1848 | D        | Killed a vault guard
  1848 | D        | Killed a vault guard
  1848 | D        | Killed a stone giant
  1848 | D        | Killed a shadow dragon
  1849 | D        | Killed a stone giant
  1850 | D        | Found a transporter.
  1851 | D        | Killed a yaktaur captain
  1851 | D        | Killed a vault guard
  1856 | D        | Killed a vault guard
  2119 | D        | Entered arena 15.
  2126 | D        | Found a transporter.
  2260 | D        | Entered arena 16.
  2260 | D        | Noticed an orc warlord
  2260 | D        | Noticed a stone giant
  2261 | D        | Reached XP level 14. HP: 104/104 MP: 27/27
  2261 | D        | Killed an orc warlord
  2267 | D        | Killed a stone giant
  2279 | D        | Found a transporter.
  2281 | D        | Got the ring "Muxuxi" {rPois Stlth-}
  2309 | D        | Entered arena 17.
  2312 | D        | Noticed a deep elf sorcerer
  2312 | D        | Noticed a deep elf blademaster
  2312 | D        | Noticed a deep elf sorcerer
  2314 | D        | Killed a deep elf sorcerer
  2314 | D        | Killed a deep elf sorcerer
  2314 | D        | Killed a deep elf blademaster
  2340 | D        | Found a transporter.
  2387 | D        | Entered arena 18.
  2389 | D        | Noticed a fire giant
  2391 | D        | Noticed a fire giant
  2393 | D        | Killed a fire giant
  2397 | D        | Reached XP level 15. HP: 57/113 MP: 22/29
  2400 | D        | HP: 5/113 [hell hound/blast of flame (6)]
  2410 | D        | Killed a fire giant
  2774 | D        | Found a transporter.
  2804 | D        | Entered arena 19.
  2808 | D        | Noticed an azure jelly
  2808 | D        | Noticed an acid blob
  2813 | D        | Killed an azure jelly
  2814 | D        | Killed an acid blob
  2814 | D        | Reached skill level 15 in Fighting
  3288 | D        | Found the +8 frozen axe "Frostbite" {freezing cloud, *Noise
                  | +Fly rC+}
  3288 | D        | Found a transporter.
  3394 | D        | Entered arena 20.
  3448 | D        | Found a transporter.
  3456 | D        | Got the cursed ring "Fyz Epnu" {rElec EV-2}
  3489 | D        | Got the ring "Epnadghi" {*Drain rC+ Str+3 Dex+3}
  3588 | D        | Entered arena 21.
  3591 | D        | Noticed a deep elf master archer
  3591 | D        | Noticed a deep elf master archer
  3592 | D        | Noticed a stone giant
  3592 | D        | Noticed a deep elf master archer
  3594 | D        | Noticed a deep elf master archer
  3595 | D        | Killed a stone giant
  3596 | D        | Noticed a deep elf master archer
  3596 | D        | Killed a deep elf master archer
  3596 | D        | Killed a deep elf master archer
  3596 | D        | Killed a deep elf master archer
  3596 | D        | Reached skill level 27 in Slings
  3596 | D        | Reached XP level 16. HP: 41/124 MP: 31/31
  3597 | D        | Killed a deep elf master archer
  3598 | D        | Killed a deep elf master archer
  3618 | D        | Found a transporter.
  3961 | D        | Got the amulet "Evil" {Faith rC++}
  3967 | D        | Got the ring "Xuufu" {EV+5 Str+5}
  4016 | D        | Entered arena 22.
  4022 | D        | Reached skill level 5 in Dodging
  4023 | D        | Reached skill level 10 in Dodging
  4023 | D        | Reached XP level 17. HP: 116/134 MP: 24/33
  4128 | D        | Found a transporter.
  4204 | D        | Entered arena 23.
  4418 | D        | Found a transporter.
  4430 | D        | Got the ring "Iskuh" {rF+ SInv Stlth+}
  4504 | D        | Entered arena 24.
  4512 | D        | Reached skill level 15 in Dodging
  4512 | D        | Reached XP level 18. HP: 123/145 MP: 33/35
  4740 | D        | Found a transporter.
  4791 | D        | Got the ring of Ympigucy {rElec rN+ Dex+4}
  4866 | D        | Entered arena 25.
  4892 | D        | Reached skill level 27 in Invocations
  5016 | D        | Found a transporter.
  5148 | D        | Entered arena 26.
  5164 | D        | Noticed a juggernaut
  5168 | D        | Noticed a quicksilver dragon
  5169 | D        | Killed a quicksilver dragon
  5171 | D        | Noticed a titan
  5172 | D        | Killed a juggernaut
  5174 | D        | Noticed a titan
  5177 | D        | Noticed a shard shrike
  5177 | D        | Noticed an acid blob
  5180 | D        | Reached skill level 27 in Armour
  5180 | D        | Killed a titan
  5180 | D        | Killed a titan
  5180 | D        | Reached XP level 19. HP: 155/157 MP: 29/36
  5186 | D        | Noticed a golden dragon
  5188 | D        | Noticed a golden dragon
  5189 | D        | Noticed a shard shrike
  5189 | D        | a golden dragon changed into a shard shrike
  5191 | D        | Killed a shard shrike
  5191 | D        | Reached skill level 27 in Shields
  5191 | D        | Killed a golden dragon
  5193 | D        | Noticed a caustic shrike
  5193 | D        | an iron dragon changed into a caustic shrike
  5196 | D        | a caustic shrike changed into a shadow dragon
  5216 | D        | Noticed a golden dragon
  5216 | D        | a shadow dragon changed into a golden dragon
  5219 | D        | a golden dragon changed into an acid blob
  5229 | D        | Noticed a caustic shrike
  5229 | D        | an alligator snapping turtle changed into a caustic shrike
  5230 | D        | Noticed a golden dragon
  5230 | D        | a caustic shrike changed into a golden dragon
  5231 | D        | a golden dragon changed into a frost giant
  5657 | D        | Found the +10 zealot's sword {holy, *Rage rN+ EV+3}
  5666 | D        | Found a transporter.
  5689 | D        | Got the ring of Rehuzame {rPois rC+ rN++ Int-2 Slay+3}
  5768 | D        | Got a spiked hat
  5779 | D        | Identified the +3 hat of Meygois {*Drain rPois rC++ rN+}
                  | (You acquired it in the Dungeon)
  5804 | D        | Entered arena 27.
  5864 | D        | Noticed a pearl dragon
  5871 | D        | Noticed a pearl dragon
  5872 | D        | Noticed a pearl dragon
  5875 | D        | Killed a pearl dragon
  5877 | D        | Noticed a pearl dragon
  5878 | D        | Noticed a pearl dragon
  5878 | D        | Noticed a pearl dragon
  5879 | D        | Killed a pearl dragon
  5879 | D        | Killed a pearl dragon
  5879 | D        | Killed a pearl dragon
  5879 | D        | Killed a pearl dragon
  5882 | D        | Noticed a pearl dragon
  5885 | D        | Killed a pearl dragon
  5885 | D        | Noticed a pearl dragon
  5886 | D        | Noticed a pearl dragon
  5887 | D        | Killed a pearl dragon
  5887 | D        | Reached XP level 20. HP: 141/174 MP: 23/37
  5887 | D        | Killed a pearl dragon
  5887 | D        | Killed a pearl dragon
  5887 | D        | Reached skill level 27 in Fighting
  5887 | D        | Reached skill level 27 in Dodging
  5887 | D        | Noticed a pearl dragon
  5887 | D        | Noticed a pearl dragon
  5891 | D        | Noticed a pearl dragon
  5892 | D        | Killed a pearl dragon
  5895 | D        | Killed a pearl dragon
  5895 | D        | Reached skill level 10 in Spellcasting
  5895 | D        | Killed a pearl dragon
  5895 | D        | Killed a pearl dragon
  5895 | D        | Reached skill level 15 in Spellcasting
  6365 | D        | Found a transporter.
  6470 | D        | Entered arena 28.
  6483 | D        | Reached XP level 21. HP: 183/183 MP: 41/44
  6652 | D        | Found a transporter.
  6778 | D        | Got the Orb of Zot
  7479 | D        | Noticed Didue the pandemonium lord
  7512 | D        | Killed Didue the pandemonium lord
  8244 | D        | Noticed Dita Jis the pandemonium lord
  8257 | D        | Killed Dita Jis the pandemonium lord
  8257 | D        | Reached skill level 27 in Spellcasting
  8257 | D        | Reached XP level 22. HP: 190/190 MP: 47/53
  8274 | D        | Reached skill level 5 in Air Magic
  8358 | D        | Reached skill level 10 in Air Magic
  8369 | D        | Learned a level 4 spell: Airstrike
  8372 | D        | Learned a level 2 spell: Swiftness
  8376 | D        | Learned a level 3 spell: Static Discharge
  8382 | D        | Learned a level 5 spell: Lightning Bolt
  8524 | D        | Noticed Kuupihim the pandemonium lord
  8537 | D        | Killed Kuupihim the pandemonium lord
  9814 | D        | Reached XP level 23. HP: 197/197 MP: 54/54
 10004 | D        | Escaped with the Orb!

Skill      XL: |  1  2  3  4  5  6  7  8  9 10 11 12 13 14 15 16 17 18 19 20 21 22 |
---------------+-------------------------------------------------------------------+-----
Slings         | 3 4 7 9 10 11 13 14 16 18 20 24 27 | 27.0
Armour         | 2 3 5 7 8 9 10 11 13 16 18 20 21 23 25 27 | 27.0
Shields        | 2 3 5 7 8 9 10 11 13 14 16 18 20 22 24 26 27 | 27.0
Invocations    | 3 4 7 10 11 12 14 15 17 18 19 21 22 24 26 27 | 27.0
Fighting       | 3 5 8 10 12 14 16 18 20 22 26 27 | 27.0
Dodging        | 10 15 19 25 27 | 27.0
Spellcasting   | 19 27 | 27.0
Air Magic      | 4 14 | 14.7
Stealth        | |  2.1
Conjurations   | |  0.7

Action                   |  1- 3 |  4- 6 |  7- 9 | 10-12 | 13-15 | 16-18 | 19-21 | 22-24 || total
-------------------------+-------+-------+-------+-------+-------+-------+-------+-------++-------
Melee: Shillelagh        |     4 |     9 |    17 |    22 |    50 |       |       |       ||   102
 Fire: Fustibalus        |       |       |       |       |    13 |    47 |   201 |    87 ||   348
Invok: Upheaval          |       |       |     7 |     6 |     5 |     5 |     8 |       ||    31
       Disaster Area     |       |       |       |     5 |     8 |    10 |    13 |     1 ||    37
Evoke: Wand              |       |       |       |       |       |       |     1 |       ||     1
  Use: Scroll            |       |       |       |       |     7 |     8 |     3 |    10 ||    28
       Potion            |       |       |       |       |     5 |       |       |     1 ||     6
  Eat: Ration            |       |       |       |     2 |     1 |     1 |     3 |     1 ||     8
Armor: Plate armour      |     2 |     4 |    16 |    11 |    35 |     2 |       |       ||    70
       Gold dragon scale |       |       |       |       |       |     1 |    14 |     1 ||    16
Dodge: Dodged            |       |       |     1 |     1 |     5 |     8 |    31 |     4 ||    50
       Deflected         |       |       |       |       |     3 |     2 |     4 |       ||     9
Block: Shield            |     4 |    11 |    40 |    41 |   140 |    25 |   125 |    44 ||   430
       Reflection        |       |       |       |     3 |    20 |     7 |    14 |       ||    44
